 Dungeon Crawl Stone Soup version 0.30-a0-304-gdc4b735fe1 (webtiles) character file.

Game seed: 3703870428177501098

13862 holysushi the Nimble (level 12, -1/92 HPs)
             Began as a Djinni Wanderer on Oct 20, 2022.
             Was a Priest of Makhleb.
             Slain by a komodo dragon (23 damage)
             ... on level 4 of the Lair of Beasts.
             The game lasted 00:50:28 (16064 turns).

holysushi the Nimble (Djinni Wanderer)             Turns: 16064, Time: 00:50:29

Health: -1/92      AC:  6    Str: 13    XL:     12   Next: 38%
Gold:   1932       EV: 19    Int: 32    God:    Makhleb [***...] SH: 10 Dex: 17

rFire   + + +      SeeInvis .    o - +4 rapier (elec)
rCold   x . .      Faith    .    m - +0 buckler
rNeg    + . .      Spirit   .    B - +1 robe {Archmagi}
rPois   ∞          Reflect  +    (no helmet)
rElec   .          Harm     .    G - +0 cloak
rCorr   .          Rampage  .    H - +1 pair of gloves of Xavestre {rF+ Int+7}
Will    ++...      Archmagi +    (boots unavailable)
Stlth   +++.......               k - amulet of reflection
HPRegen 0.35/turn                p - ring of wizardry
MPRegen 0.00/turn                L - ring "Foej Huo" {rN+ Will+ Str+4 Int+8}

@: flying, studying Fighting
A: sickness immunity, fire resistance 2, cold vulnerability 1, float, innate
caster, HP casting, extra vitality 1
a: Renounce Religion, Minor Destruction, Lesser Servant of Makhleb


You were on level 4 of the Lair of Beasts.
You worshipped Makhleb.
Makhleb was most pleased with you.
You visited 3 branches of the dungeon, and saw 13 of its levels.

You collected 1932 gold pieces.

Inventory:

Hand Weapons
 a - a +0 dagger
 o - a +4 rapier of electrocution (weapon)
 t - a +1 short sword of venom
 u - a +5 hand axe
Missiles
 y - 2 throwing nets
Armour
 m - a +0 buckler (worn)
 B - a +1 robe of the Archmagi (worn)
 D - the +5 scale mail "Habecud" {Fly rCorr}
   (You found it on level 6 of the Dungeon)

   Fly:       It grants you flight.
   rCorr:     It protects you from acid and corrosion.
 G - a +0 cloak (worn)
 H - the +1 pair of gloves of Xavestre (worn) {rF+ Int+7}
   (You acquired it on level 1 of the Lair of Beasts)

   Int:       It affects your intelligence (+7).
   rF:        It protects you from fire.
Jewellery
 j - a ring of see invisible
 k - an amulet of reflection (around neck)
 p - a ring of wizardry (left hand)
 J - a +6 ring of strength
 L - the ring "Foej Huo" (right hand) {rN+ Will+ Str+4 Int+8}
   (You acquired it on level 1 of the Lair of Beasts)

   [ring of positive energy]

   Str:       It affects your strength (+4).
   Int:       It affects your intelligence (+8).
   rN:        It protects you from negative energy.
   Will:      It increases your willpower.
 N - a ring of resist corrosion
Wands
 c - a wand of mindburst (9)
 C - a wand of flame (40)
 I - a wand of digging (4)
Scrolls
 b - 5 scrolls of teleportation
 g - a scroll of fear
 h - a scroll of vulnerability
 q - a scroll of blinking
 w - 4 scrolls of poison
 A - 3 scrolls of fog
Potions
 d - a potion of berserk rage
 e - 4 potions of ambrosia
 f - 3 potions of attraction
 i - 3 potions of magic
 l - 2 potions of lignification
 n - a potion of might
 r - 2 potions of brilliance
 s - 2 potions of cancellation
 v - 5 potions of curing
 x - 5 potions of heal wounds {unknown}
 z - a potion of resistance {unknown}
 E - a potion of haste
 F - 5 potions of flight {unknown}
 K - a potion of degeneration {unknown}
 M - 2 potions of mutation {unknown}


   Skills:
 + Level 10.5 Fighting
 + Level 6.1 Short Blades
 - Level 13.1 Dodging
 + Level 5.9 Stealth
 - Level 3.0 Shields
 - Level 7.0 Spellcasting


You couldn't memorise any spells.
You knew the following spells:

 Your Spells              Type           Power      Damage    Failure   Level
a - Sting                 Tmut/Pois      100%       1d8       1%          1
b - Wereblood             Tmut           71%        N/A       1%          2
c - Momentum Strike       Conj/Tloc      100%       3d10      1%          2
d - Static Discharge      Conj/Air       100%       2-7/arc   1%          2
e - Ice Form              Ice/Tmut       71%        N/A       1%          4
f - Apportation           Tloc           100%       N/A       1%          1
g - Ensorcelled Hibernat  Hex/Ice        100%       N/A       1%          2
h - Swiftness             Air            71%        N/A       1%          3
i - Teleport Other        Tloc           71%        N/A       1%          3
j - Summon Mana Viper     Hex/Summ       71%        N/A       3%          5

Your spell library contained the following spells:

 Spells                   Type           Power      Damage    Failure   Level


Dungeon Overview and Level Annotations

Branches:
Dungeon (8/15) Zot: 24861  Temple (1/1) D:4 Zot: 5811    Lair (4/5) D:8 Zot: 20466
  Swamp (0/4) Lair:2        Snake (0/4) Lair:2
  Slime: Lair:4-5

Altars:
Cheibriados
Dithmenos
Elyvilon
Fedhas
Gozag
Hepliaklqana
Makhleb
Nemelex Xobeh
Qazlal
Ru
Uskayaw
Wu Jian
Zin
The Shining One

Annotations:
Lair:2 2 transporters, Coguiqiqih's ghost, journeyman DrCA


Innate Abilities, Weirdness & Mutations

You are immune to sickness and miasma.
You are immune to poison.
Your flesh is very heat resistant. (rF++)
You are vulnerable to cold. (rC-)
You float through the air rather than walking.
You learn spells naturally, not from books.
Your magical power is your life essence.
You have superior vitality. (+4 MHP)


Message History

The boulder beetle leaps!
You block the komodo dragon's attack.
Casting: Ensorcelled Hibernation (safe; 1% risk of failure)
Confirm with . or Enter, or press ? or * to list all spells.
Aiming: Ensorcelled Hibernation (safe; 1% risk of failure)
Press: ? - help, Shift-Dir - straight line, f/p - komodo dragon
Aim: a komodo dragon (chance to affect: 54%)
You feel a surge of power!
The komodo dragon resists with significant effort.
The boulder beetle curls into a ball and begins rolling!
The komodo dragon bites you!!
Casting: Ensorcelled Hibernation (safe; 1% risk of failure)
Confirm with . or Enter, or press ? or * to list all spells.
Aiming: Ensorcelled Hibernation (safe; 1% risk of failure)
Press: ? - help, Shift-Dir - straight line, f/p - komodo dragon
Aim: a komodo dragon (chance to affect: 54%)
You feel a surge of power!
The komodo dragon looks drowsy...
The helpless komodo dragon fails to defend itself.
You skewer the komodo dragon like a kebab!!!
The komodo dragon is almost dead.
Your mana viper bites the boulder beetle!
The komodo dragon bites you.
The boulder beetle barely misses your mana viper.
The boulder beetle stops rolling and uncurls.
You closely miss the komodo dragon.
The komodo dragon is almost dead.
Your mana viper bites the boulder beetle.
The komodo dragon bites you.
The boulder beetle bites your mana viper!!
Your mana viper bites the boulder beetle!!
The boulder beetle dies!
Makhleb accepts your kill.
Your Short Blades skill increases to level 6!
You hit the komodo dragon but do no damage.
The komodo dragon is almost dead.
The komodo dragon bites you!
* * * LOW HITPOINT WARNING * * *
You hit the komodo dragon.
The komodo dragon is almost dead.
The komodo dragon bites you!!
You die...

# ##.......
#.##.####.....PPP.
#.....#.#......P..#
..............P...#
.......†:.........#
.....$............
#.......S........
##........l..#..
#.......@.#.#
###.....#...##..
......†...........
..................
.#.#...............
# ##..............
###.####P##.... ###
## #..P ##


You could see a komodo dragon (ally target) and a friendly mana viper
(summoned).

Vanquished Creatures
  A hydra (Lair:4)
  A cane toad (Lair:3)
  2 komodo dragons
  The ghost of Iusername the Covered, an amateur MiFi of Gozag (D:4)
  Prince Ribbit (D:7)
  6 blink frogs
  9 yaks
  2 wyverns
  A basilisk (Lair:3)
  Duvessa (D:5)
  7 water moccasins
  An orc warrior (D:7)
  2 ice beasts
  3 sky beasts (D:7)
  2 black bears (D:7)
  5 wolves (Lair:3)
  A phantom (D:6)
  3 kobold brigands
  4 bullfrogs
  A necrophage (D:7)
  3 scorpions
  6 wights (D:7)
  15 killer bees (D:8)
  3 jellies (D:6)
  2 howler monkeys
  2 electric eels (Lair:1)
  2 orc priests
  5 hounds
  2 iguanas
  8 orc wizards
  4 adders
  2 white imps
  3 worms
  37 orcs
  8 endoplasms
  3 giant cockroaches
  5 goblins
  5 hobgoblins
  10 jackals
  3 quokkas
  4 ball pythons
  4 bats
  A frilled lizard (D:1)
  17 kobolds
  5 rats
213 creatures vanquished.

Vanquished Creatures (collateral kills)
  A boulder beetle (Lair:4)
  A hydra (Lair:2)
  An oklob plant (Lair:2)
  A cane toad (Lair:2)
  A torpor snail (Lair:2)
  2 komodo dragons
  5 blink frogs
  6 yaks
  A wolf (Lair:3)
  A bullfrog (Lair:3)
  2 iguanas (Lair:2)
  2 adders (D:4)
24 creatures vanquished.

Vanquished Creatures (others)
  A guardian serpent (Lair:2)
  A cane toad (Lair:1)
  Sigmund (D:6)
  A black bear (D:7)
  2 orc warriors
  A sky beast (D:7)
  An ogre (D:5)
  A gnoll sergeant (D:7)
  A scorpion (D:4)
  A wight (D:7)
  Dowan (D:5)
  A jelly (D:4)
  A gnoll bouda (D:7)
  An orc priest (D:3)
  2 orc wizards
  An adder (D:4)
  A worm (D:3)
  A dart slug (D:2)
  4 orcs
  A hobgoblin (D:2)
  A jackal (D:1)
  A frilled lizard (D:2)
  25 fungi
  24 plants
76 creatures vanquished.

Grand Total: 313 creatures vanquished

Notes
Turn   | Place    | Note
-------+----------+-------------------------------------------
     0 | D:1      | holysushi the Djinni Wanderer began the quest for the Orb.
     0 | D:1      | holysushi set off with the following items: a +0 dagger, a
                  | scroll of teleportation, a +0 robe, a +0 pair of glovesthe
                  | following spells memorised: Sting, Wereblood, Ice Form,
                  | Static Discharge, Momentum Strike.
     0 | D:1      | Reached XP level 1. HP: 20/20 MP: 0/0
   595 | D:1      | Reached XP level 2. HP: 19/25 MP: 0/0
  1632 | D:2      | Reached XP level 3. HP: 28/30 MP: 0/0
  1632 | D:2      | Learned a level 1 spell: Apportation
  2372 | D:3      | Reached XP level 4. HP: 27/35 MP: 0/0
  3748 | D:3      | Found a snail-covered altar of Cheibriados.
  3799 | D:3      | Reached XP level 5. HP: 35/40 MP: 0/0
  3799 | D:3      | Learned a level 2 spell: Ensorcelled Hibernation
  4098 | D:3      | Reached skill level 2 in Dodging
  4427 | D:4      | Reached skill level 1 in Shields
  4518 | D:4      | Reached XP level 6. HP: 34/47 MP: 0/0
  4809 | D:4      | Found a glowing golden altar of the Shining One.
  5074 | D:4      | Found a sparkling altar of Nemelex Xobeh.
  5200 | D:4      | Found a staircase to the Ecumenical Temple.
  5217 | D:4      | Found a runed translucent door.
  5404 | D:4      | Noticed Iusername's ghost (amateur MiFi)
  5428 | Temple   | Entered the Ecumenical Temple
  5606 | Temple   | Became a worshipper of Makhleb the Destroyer
  5790 | D:5      | Entered Level 5 of the Dungeon
  5875 | D:5      | Noticed an ogre
  5907 | D:5      | Killed an ogre
  5908 | D:5      | Reached skill level 3 in Dodging
  5908 | D:5      | Reached XP level 7. HP: 31/52 MP: 0/0
  5908 | D:5      | Learned a level 3 spell: Swiftness
  6046 | D:5      | Noticed Duvessa
  6176 | D:5      | Killed Duvessa
  6181 | D:5      | Noticed Dowan
  6473 | D:5      | Killed Dowan
  6727 | D:5      | Identified the +2 scale mail of Poor Excuses {-Cast rPois
                  | rN+++ Str-5}
  7090 | D:6      | Reached skill level 4 in Dodging
  7090 | D:6      | Reached XP level 8. HP: 20/58 MP: 0/0
  7549 | D:6      | Found a white marble altar of Elyvilon.
  7552 | D:6      | Found a shadowy altar of Dithmenos.
  7584 | D:5      | Reached skill level 5 in Dodging
  7718 | D:6      | Identified the +5 scale mail "Habecud" {Fly rCorr}
  7938 | D:6      | Found an opulent altar of Gozag.
  8063 | D:6      | Noticed Sigmund
  8078 | D:6      | Reached skill level 6 in Dodging
  8078 | D:6      | Killed Sigmund
  8320 | D:7      | Reached skill level 7 in Dodging
  8386 | D:7      | Noticed Prince Ribbit
  8394 | D:7      | Killed Prince Ribbit
  8425 | D:7      | Reached skill level 8 in Dodging
  8425 | D:7      | Reached XP level 9. HP: 31/63 MP: 0/0
  8425 | D:7      | Learned a level 3 spell: Teleport Other
  8723 | D:7      | Found an ornate altar of the Wu Jian Council.
  8738 | D:7      | Reached skill level 9 in Dodging
  9249 | D:7      | Reached skill level 10 in Dodging
  9474 | D:7      | Reached * piety under Makhleb
 10054 | D:7      | Reached skill level 11 in Dodging
 10303 | D:7      | Found an ornate altar of the Wu Jian Council.
 10571 | D:8      | Reached XP level 10. HP: 66/69 MP: 0/0
 10768 | D:8      | Reached skill level 12 in Dodging
 11169 | D:7      | Identified 4 scrolls of acquirement
 11169 | D:7      | Acquired 633 gold pieces
 11194 | D:8      | Acquired 439 gold pieces
 11206 | D:8      | Found a hide-covered altar of Uskayaw.
 11330 | D:8      | Reached skill level 13 in Dodging
 11575 | D:8      | Found a staircase to the Lair.
 11623 | D:8      | Reached skill level 5 in Fighting
 11949 | D:8      | Reached skill level 1 in Short Blades
 12307 | Lair:1   | Entered Level 1 of the Lair of Beasts
 12898 | Lair:1   | Identified the ring "Fegegaf" {rPois MP+9 Int+4}
 12930 | Lair:1   | Noticed a cane toad
 12938 | Lair:1   | Killed a cane toad
 13014 | Lair:1   | Acquired a manual of Fighting
 13016 | Lair:1   | Acquired the ring "Foej Huo" {rN+ Will+ Str+4 Int+8}
 13020 | Lair:1   | Acquired the +1 pair of gloves of Xavestre {rF+ Int+7}
 13439 | Lair:2   | Reached ** piety under Makhleb
 13509 | Lair:2   | Reached XP level 11. HP: 68/75 MP: 0/0
 13509 | Lair:2   | Learned a level 5 spell: Summon Mana Viper
 13582 | Lair:2   | Found a staircase to the Swamp.
 13611 | Lair:2   | Noticed an oklob plant
 13652 | Lair:2   | Killed an oklob plant
 13653 | Lair:2   | Reached skill level 5 in Spellcasting
 13938 | Lair:2   | Found a transporter.
 13956 | Lair:2   | Noticed Coguiqiqih's ghost (journeyman DrCA)
 13959 | Lair:2   | Found a transporter.
 14029 | Lair:2   | Noticed a four-headed hydra
 14045 | Lair:2   | Killed a four-headed hydra
 14084 | Lair:2   | Found a staircase to the Snake Pit.
 14928 | D:4      | Killed Iusername's ghost
 15400 | Lair:3   | Reached skill level 5 in Short Blades
 15400 | Lair:3   | Reached XP level 12. HP: 64/89 MP: 0/0
 15409 | Lair:3   | Reached skill level 5 in Stealth
 15432 | Lair:3   | Reached *** piety under Makhleb
 15433 | Lair:3   | Reached skill level 10 in Fighting
 16003 | Lair:4   | Noticed a four-headed hydra
 16017 | Lair:4   | Killed a four-headed hydra
 16027 | Lair:4   | Noticed a boulder beetle
 16062 | Lair:4   | Killed a boulder beetle
 16064 | Lair:4   | Slain by a komodo dragon

Illustrated notes

Levels and vault maps discovered:
D:1:      eino_arrival_cavern_b, layout_basic, minivault_23
D:2:      layout_loops_corners
D:3:      layout_loops_corners, nicolae_overflow_two_pavilions,
          kennysheep_another_room
D:4:      layout_rooms, nemelex_altar_shiori, mainiacjoe_overflow_boulevard,
          temple_green, ebering_ghost_sewer_d, grunt_decor_junction
D:5:      layout_basic, kennysheep_little_box, uniq_duvessa
D:6:      layout_cave_pools, grunt_gozag_statues, elyvilon_altar_5,
          kennysheep_mini_moat, uniq_sigmund
D:7:      layout_rooms, lemuel_crystal_altar, st_stairs_5,
          hangedman_minor_gate_pass, uniq_prince_ribbit1
D:8:      layout_basic, lemuel_doored_altar, dpeg_oklobed_lair
Temple:   nicolae_temple_great_sept
Lair:1:   layout_roguey, dpeg_stationary_puzzle
Lair:2:   layout_roguey, minmay_swamp_entry_reptiles,
          minmay_snake_entry_spellcaster, gammafunk_ghost_arena,
          lemuel_another_geyser
Lair:3:   layout_loops_ring
Lair:4:   layout_gridlike, slime_entry_1, grunt_megastairs_4

Skill      XL: |  1  2  3  4  5  6  7  8  9 10 11 12 |
---------------+-------------------------------------+-----
Spellcasting   | 3 4 7 |  7.0
Stealth        | 2 3 4 5 |  5.9
Dodging        | 2 3 4 8 11 13 | 13.1
Shields        | 1 3 |  3.0
Fighting       | 4 5 9 10 | 10.5
Short Blades   | 4 5 6 |  6.1

Action                   |  1- 3 |  4- 6 |  7- 9 | 10-12 || total
-------------------------+-------+-------+-------+-------++-------
Melee: Dagger            |    36 |     9 |       |       ||    45
       Punch             |     1 |       |       |       ||     1
       Short sword       |       |    22 |    10 |       ||    32
       Rapier            |       |       |    97 |   164 ||   261
       Unarmed           |       |       |       |     8 ||     8
 Cast: Sting             |    46 |    77 |    99 |    58 ||   280
       Momentum Strike   |    10 |    12 |    25 |    12 ||    59
       Wereblood         |     1 |     2 |       |       ||     3
       Static Discharge  |     7 |    31 |    73 |    23 ||   134
       Ensorcelled Hiber |       |       |     1 |    41 ||    42
       Teleport Other    |       |       |     4 |     7 ||    11
       Ice Form          |       |       |       |     1 ||     1
       Summon Mana Viper |       |       |       |    24 ||    24
Evoke: Wand              |       |       |       |     2 ||     2
  Use: Scroll            |       |    16 |       |    11 ||    27
       Potion            |       |     1 |     1 |     3 ||     5
 Stab: Sleeping          |     1 |       |     4 |    25 ||    30
       Distracted        |       |       |       |     1 ||     1
Armor: Robe              |     8 |     9 |    25 |    19 ||    61
       Skin              |       |       |       |     2 ||     2
Dodge: Dodged            |    42 |    32 |   129 |   151 ||   354
Block: Other             |    16 |       |       |     1 ||    17
       Reflection        |     1 |     3 |    11 |       ||    15
       Buckler           |       |    36 |   119 |   118 ||   273

Table legend: (Time is in decaauts)
 A = Elapsed time spent in this place.
 B = Non-inter-level travel time spent in this place.
 C = Inter-level travel time spent in this place.
 D = Time resting spent in this place.
 E = Time spent auto-exploring this place.
 F = Levels seen in this place.
 G = Mean time per level.
                   A        B        C        D        E       F      G
               +--------+--------+--------+--------+--------+-----+--------+
         Total |  16089 |  15391 |    698 |   5900 |   6310 |  13 | 1237.6 |
       Dungeon |  12368 |  11796 |    572 |   4964 |   4534 |   8 | 1546.0 |
        Temple |    188 |    188 |      0 |      0 |     62 |   1 |  188.0 |
          Lair |   3532 |   3407 |    125 |    936 |   1714 |   4 |  883.0 |
               +--------+--------+--------+--------+--------+-----+--------+

Top non-repeatable levels by time:
     D:7: 2075 daAuts
     D:3: 1951 daAuts
     D:2: 1658 daAuts
     D:6: 1521 daAuts
     D:8: 1455 daAuts
     D:5: 1389 daAuts
  Lair:2: 1379 daAuts
     D:4: 1242 daAuts
  Lair:1: 1161 daAuts
     D:1: 1075 daAuts
  Lair:3: 929 daAuts
  Temple: 188 daAuts
  Lair:4: 62 daAuts
